 Dungeon Crawl Stone Soup version 0.23.2 (webtiles) character file.

Game seed: 12019181647263853638

130 night the Cudgeler (level 5, 0/32 HPs)
             Began as a Gargoyle Monk on Apr 13, 2019.
             Slain by Natasha (1 damage)
             ... on level 3 of the Dungeon.
             The game lasted 00:06:35 (3094 turns).

night the Cudgeler (Gargoyle Monk)                  Turns: 3094, Time: 00:06:36

Health: 0/32       AC: 11    Str: 15    XL:     5   Next: 14%
Magic:  5/5        EV: 10    Int: 11    God:
Gold:   185        SH:  0    Dex: 12    Spells: 4/4 levels left

rFire    + . .     SeeInvis .   a - +0 mace
rCold    . . .     Gourm    .   (no shield)
rNeg     + . .     Faith    .   o - +0 scale mail
rPois    ∞         Spirit   .   (no helmet)
rElec    +         Reflect  .   (no cloak)
rCorr    +         Harm     .   l - +0 pair of gloves (curse)
MR       .....                  (no boots)
Stlth    +.........             (no amulet)
HPRegen  0.10/turn              s - ring of protection from fire
MPRegen  0.09/turn              r - ring of resist corrosion

@: slowed, very slow
A: negative energy resistance 1, electricity resistance, unbreathing,
petrification resistance, rot immunity, AC +4
a: no special abilities


You were on level 3 of the Dungeon.
You were not hungry.

You visited 1 branch of the dungeon, and saw 3 of its levels.

You collected 185 gold pieces.

Inventory:

Hand Weapons
 a - a +0 mace (weapon)
 f - a +0 battleaxe
Missiles
 d - 46 stones (quivered)
 h - 17 sling bullets
 m - 5 javelins
 p - 91 arrows
Armour
 b - a +0 robe
 k - a +1 pair of gloves
 l - a cursed +0 pair of gloves (worn)
 o - a +0 scale mail (worn)
Jewellery
 r - a ring of resist corrosion (right hand)
 s - a ring of protection from fire (left hand)
Scrolls
 j - a scroll of immolation
 q - 3 scrolls of identify
 u - a scroll of fear
 v - 2 scrolls of teleportation
 y - a scroll of enchant armour
Potions
 e - 3 potions of might
 g - 2 potions of heal wounds {unknown}
 i - 2 potions of haste {unknown}
 n - a potion of magic {unknown}
 t - a potion of invisibility {unknown}
 w - a potion of agility {unknown}
 x - a potion of brilliance {unknown}
Comestibles
 c - 5 rations


   Skills:
 - Level 3.2 Fighting
 + Level 5.7 Maces & Flails
 - Level 2.4 Dodging
 - Level 2.1 Stealth


You had 4 spell levels left.
You didn't know any spells.
Your spell library was empty.

Dungeon Overview and Level Annotations

Branches:
Dungeon (3/15)

Altars:
Trog
Wu Jian

Annotations:
D:3 1 runed translucent door, Crazy Yiuf, Natasha


Innate Abilities, Weirdness & Mutations

You are resistant to torment.
Your stone body is resilient. (AC +4)
You are immune to poison.
You resist negative energy. (rN+)
You are resistant to electric shocks. (rElec)
You can survive without breathing.
You are immune to petrification.
You are immune to rotting.


Message History

You feel yourself slow down.
You closely miss Natasha.
Natasha is almost dead.
Natasha closely misses you. Natasha claws you.
* * * LOW HITPOINT WARNING * * *
You hit Natasha but do no damage.
Natasha is almost dead.
Natasha claws you but does no damage.
You hit Natasha but do no damage.
Natasha is almost dead.
Natasha barely misses you. Natasha closely misses you.
You miss Natasha.
Natasha is almost dead.
Natasha casts a spell at you. The magic dart hits you!
* * * LOW HITPOINT WARNING * * *
You barely miss Natasha.
Natasha is almost dead.
Natasha closely misses you. Natasha claws you.
You die...

#.....#.# # #⌠≈.....≈⌠#
#.....#.######≈.._..≈##
.
#...........#⌠≈.....≈⌠#
.
#####.......##≈≈≈≈§≈≈##
. #........####⌠#⌠### .
. #.......<.#### ## #.#
. #..........# #...#
##.
#..........####....#
##..
#............@h(..#
#..#
##........####.%###
######.## #..........#
.## ####..).).#
#..........# .#
##.÷..######
#..........# ## #..####
#..........# #÷##
#..........# ###)#
##........## #.<.#
##_.....## #..###


You could see Natasha.

Vanquished Creatures
  An orc wizard (D:3)
  2 adders
  A dart slug (D:1)
  A leopard gecko (D:2)
  4 orcs (D:3)
  7 bats
  2 giant cockroaches
  8 goblins
  10 hobgoblins
  16 jackals
  5 kobolds
  A quokka (D:2)
  3 frilled lizards
  5 rats
66 creatures vanquished.

Notes
Turn   | Place    | Note
-------+----------+-------------------------------------------
     0 | D:1      | night the Gargoyle Monk began the quest for the Orb.
     0 | D:1      | Reached XP level 1. HP: 14/14 MP: 1/1
   249 | D:1      | Reached XP level 2. HP: 16/19 MP: 2/2
   798 | D:1      | Reached skill level 4 in Maces & Flails
   856 | D:1      | Reached XP level 3. HP: 22/23 MP: 3/3
  1854 | D:2      | You fall through a shaft!
  1934 | D:2      | Reached XP level 4. HP: 28/28 MP: 4/4
  2570 | D:3      | Reached skill level 5 in Maces & Flails
  2798 | D:3      | Reached XP level 5. HP: 32/32 MP: 5/5
  2946 | D:3      | Found a runed translucent door.
  2947 | D:3      | Noticed Crazy Yiuf
  2990 | D:3      | Found a bloodstained altar of Trog.
  3052 | D:3      | Found an ornate altar of the Wu Jian Council.
  3072 | D:3      | Noticed Natasha
  3093 | D:3      | HP: 1/32 [Natasha/magic dart (7)]
  3094 | D:3      | Slain by Natasha

Skill      XL: |  1  2  3  4 |
---------------+-------------+-----
Maces & Flails | 4 5 |  5.7
Fighting       | |  3.2
Dodging        | |  2.4
Stealth        | |  2.1

Action                   |  1- 3 |  4- 6 || total
-------------------------+-------+-------++-------
Melee: Mace              |   130 |   108 ||   238
  Use: Scroll            |       |     5 ||     5
 Stab: Sleeping          |     1 |       ||     1
  Eat: Chunk             |     3 |     4 ||     7
Armor: Robe              |    41 |       ||    41
       Scale mail        |    32 |    72 ||   104
Dodge: Dodged            |   100 |    74 ||   174
